 Dungeon Crawl Stone Soup version 0.17-a0-1863-g715b4b0 (webtiles) character file.

139 Goblin1989 the Sneak (level 5, -1/32 HPs)
             Began as a Kobold Assassin on Sept 20, 2015.
             Killed from afar by an orc wizard (3 damage)
             ... with a magic dart
             ... on level 3 of the Dungeon.
             The game lasted 00:08:01 (2378 turns).

Goblin1989 the Sneak (Kobold Assassin)              Turns: 2378, Time: 00:08:02

Health: -1/32      AC:  3    Str: 10    XL:     5   Next: 46%
Magic:  5/5        EV: 14    Int:  9    God:
Gold:   156        SH:  0    Dex: 18    Spells: 0 memorised, 4 levels left

rFire  . . .     SeeInvis .     a - +2 dagger
rCold  . . .     Clarity  .     c - +0 robe
rNeg   . . .     SustAt   .     (shield restricted)
rPois  .         Gourm    .     (no helmet)
rElec  .         Spirit   .     d - +0 cloak
rCorr  .         Warding  .     (no gloves)
rMut   .         Stasis   .     (no boots)
MR     .....                    (no amulet)
Stlth  ++++......               (no ring)
                                (no ring)

@: not resistant to hostile enchantments, stealthy
A: carnivore 3
a: no special abilities


You were on level 3 of the Dungeon.
You were completely stuffed.

You visited 1 branch of the dungeon, and saw 3 of its levels.

You collected 156 gold pieces.

Inventory:

Hand weapons
 a - a +2 dagger (weapon)
 b - a +0 blowgun
Missiles
 e - 33 poisoned needles
 f - 2 curare-tipped needles
Armour
 c - a +0 robe (worn)
 d - a +0 cloak (worn)
Jewellery
 s - a cursed -2 ring of slaying {unknown}
 v - an uncursed ring of poison resistance {unknown}
Scrolls
 h - 2 scrolls of recharging {unknown}
 j - 2 scrolls of magic mapping
 l - a scroll of fear {unknown}
 m - a scroll of blinking {unknown}
 n - a scroll of immolation {unknown}
 o - a scroll of random uselessness {unknown}
 q - 2 scrolls of identify {unknown}
 r - 2 scrolls of remove curse {unknown}
 t - a scroll of amnesia {unknown}
 w - a scroll of noise {unknown}
 x - a scroll of enchant armour {unknown}
Potions
 i - a potion of haste {unknown}
 k - 2 potions of magic {unknown}
 p - a potion of flight {unknown}
Comestibles
 g - 3 meat rations


   Skills:
 + Level 3.2 Fighting
 * Level 5.4 Short Blades
 - Level 2.6 Throwing
 - Level 1.2 Dodging
 + Level 6.2 Stealth


You had 4 spell levels left.
You didn't know any spells.

Dungeon Overview and Level Annotations

Branches:
Dungeon (3/15)

Altars:
Elyvilon
Gozag
Xom
Zin


Innate Abilities, Weirdness & Mutations

You are small and have problems with some larger weapons.
You are carnivorous and can eat meat at any time.


Message History

The orc priest calls down the wrath of Beogh upon you.
Something smites you!
The orc wizard shouts!
The orc shouts!
The orc hits you with a dagger.
The orc priest hits you with a falchion!
* * * LOW HITPOINT WARNING * * *
You are too injured to fight recklessly!
You are too injured to fight recklessly!
You are too injured to fight recklessly!
Unknown command.
The orc wizard misses you.
The orc priest hits you with a falchion.
* * * LOW HITPOINT WARNING * * *
You hit the orc priest but do no damage.
The orc hits you with a dagger.
* * * LOW HITPOINT WARNING * * *
The orc barely misses you.
The orc wizard gestures at you while chanting.
The magic dart hits you!
You die...

,****,* ###########
,,,,,,***######.........# #####
*****,,,,...............# #....
*****...............# #....
*...............# #....
*...............#####....
*...>...........'........
*......ooo......#........
*.....oo@.......#.###....
*###+##.........#.# #..(.
*,*###########.###....
*,***********#.##.....
*,,,,,,,,,,,,...%.....
*,***********#.#...... *,*
*,,,,,*,##..... *,*
**,,,,,*,*#.....
************,*****,,,,,,*,*#.....


You could see an orc priest, an orc wizard and 3 orcs.

Vanquished Creatures
  2 jellies (D:2)
  3 adders (D:2)
  3 worms (D:2)
  A giant gecko (D:2)
  An orc (D:3)
  2 ball pythons
  4 giant cockroaches
  7 goblins
  3 hobgoblins
  5 kobolds (D:2)
  2 quokkas
  A sheep (D:2)
  3 bats
  5 giant newts
  3 rats
45 creatures vanquished.

Notes
Turn   | Place    | Note
--------------------------------------------------------------
     0 | D:1      | Goblin1989 the Kobold Assassin began the quest for the Orb.
     0 | D:1      | Reached XP level 1. HP: 12/12 MP: 1/1
   151 | D:1      | Reached XP level 2. HP: 15/18 MP: 2/2
   887 | D:2      | Reached XP level 3. HP: 20/22 MP: 3/3
   899 | D:2      | Found a glowing silver altar of Zin.
   899 | D:2      | Found an opulent altar of Gozag.
  1550 | D:2      | Reached XP level 4. HP: 23/27 MP: 4/4
  1679 | D:2      | Found a shimmering altar of Xom.
  1756 | D:2      | Found a white marble altar of Elyvilon.
  1971 | D:2      | Reached skill level 5 in Short Blades
  1971 | D:2      | Reached skill level 6 in Stealth
  1971 | D:2      | Reached XP level 5. HP: 20/32 MP: 5/5
  2378 | D:3      | Killed from afar by an orc wizard

Vault maps used:
D:1:      tarquinn_simple_flora_water_d
D:2:      grunt_temple_overflow_gold_and_silver, elyvilon_altar_4,
          dk_xom_monty_hall
D:3:      amethyst_overflow_temple_binary, first_bread, portal_sewer_entry_e,
          uniq_robin

Action                   |  1- 3 |  4- 6 || total
-------------------------+-------+-------++-------
Melee: Dagger            |    82 |    72 ||   154
  Use: Potion            |       |     1 ||     1
       Scroll            |       |     1 ||     1
 Stab: Sleeping          |     7 |     2 ||     9
       Distracted        |       |     1 ||     1
  Eat: Chunk             |     5 |     8 ||    13
